 Dungeon Crawl Stone Soup version bcrawl-1.21.3 (webtiles) character file.

Game seed: 7451527318471965141

77 Flugslaktarn the Sneak (level 4, -2/27 HPs)
             Began as a Skeleton Archaeologist on Mar 30, 2020.
             Slain by an orc
             ... wielding a +2 flail of protection
              (3 damage)
             ... on level 3 of the Dungeon.
             The game lasted 00:01:33 (3657 turns).

Flugslaktarn the Sneak (Skeleton Archaeologist)     Turns: 3657, Time: 00:01:33

Health: -2/27      AC: 12    Str: 19      XL:     4   Next: 13%
Magic:  0/4        EV:  8    Int: 11 (12) God:
Gold:   147        SH:  0    Dex:  4 (7)  Spells: 3/3 levels left

rFire    . . .     SeeInvis .   k - +0 hand axe
rCold    + . .     Gourm    .   (no shield)
rNeg     + + +     Faith    .   m - +0 chain mail
rPois    ∞         Spirit   +   c - +1 hat
rElec    .         Reflect  .   j - +0 cloak
rCorr    .         Harm     .   (no gloves)
MR       .....                  d - +1 pair of boots
Stlth    ..........             (no amulet)
HPRegen  0.09/turn              (no ring)
MPRegen  0.09/turn              (no ring)

@: no status effects
A: no food or potions, cold resistance 1, deterioration 1, negative energy
resistance 3, torment resistance, unbreathing, magic shield, sturdy frame 1,
spell healing
a: no special abilities


You were on level 3 of the Dungeon.
You were not hungry.

You visited 1 branch of the dungeon, and saw 3 of its levels.

You collected 147 gold pieces.

Inventory:

Hand Weapons
 a - a +0 whip
 k - a +0 hand axe (weapon)
   (You found it on level 1 of the Dungeon)
Armour
 b - a +1 robe
 c - a +1 hat (worn)
 d - a +1 pair of boots (worn)
 j - a +0 cloak (worn)
   (You found it on level 1 of the Dungeon)
 m - a +0 chain mail (worn)
   (You found it on level 2 of the Dungeon)
Jewellery
 g - a cursed ring of magical power {unknown}
   (You found it on level 1 of the Dungeon)
 p - an uncursed ring of ice {unknown}
   (You found it on level 2 of the Dungeon)
Scrolls
 e - 3 scrolls of magic mapping
 h - a scroll of remove curse {unknown}
 i - a scroll of blinking {unknown}
 l - 3 scrolls of identify {unknown}
 n - 2 scrolls of fear {unknown}
 o - 2 scrolls of teleportation {unknown}
Miscellaneous
 f - a dusty tome


   Skills:
 + Level 2.4 Fighting
 * Level 3.2(3.3) Axes
 - Level 1.2(2.4) Maces & Flails
 + Level 1.1 Armour
 - Level 3.0 Dodging
 - Level 3.6 Stealth


You had 3 spell levels left.
You didn't know any spells.
Your spell library was empty.

Dungeon Overview and Level Annotations

Branches:
Dungeon (3/12)

Altars:
Lugonu
Yredelemnul

Annotations:
D:3 1 runed translucent door, Terence


Innate Abilities, Weirdness & Mutations

You do not eat or drink.
You are immune to poison.
Your flesh is cold resistant. (rC+)
Your body sometimes deteriorates upon taking damage.
You are immune to negative energy. (rN+++)
You are immune to unholy pain and torment.
You can survive without breathing.
When hurt, damage is shared between your health and your magic reserves.
Your movements are slightly less encumbered by armour. (ER -2)
Casting spells heals you.


Message History

You barely miss something. Something hits you but does no damage.
You hit something.
Reactivating autopickup.
You feel your strength returning.
Your Axes skill increases to level 3!
Your Armour skill increases to level 1!
You have reached level 4!
You feel stronger.
You feel a bit more experienced. The orc hits you but does no damage.
You hit the orc but do no damage. You hit the orc.
The orc is severely wounded.
The orc completely misses you.
You hit the orc.
The orc is almost dead.
The orc hits you with a +2 flail of protection.
* * * LOW HITPOINT WARNING * * *
You barely miss the orc.
The orc is almost dead.
The orc hits you with a +2 flail of protection.
You die...

.### ## ## # #######
..##.#..#.# #.....#
#.#.......# #.###.# #.#.##...#
#[##... ##........#
#####.#.... #.......#
#.......... ##.##.#### #
#.##..#.... #...#.####.#
#.#........ #...#...@o.#
#.#...####. #...########
##.#...####. #...#
######...........
####...#####......>...#.....
..............####.###.#.....
..............# #.# #.......
#............<#####.#####.....
######...#####.>.....# #.....
#...# #.####..# ######


You could see an orc.

Vanquished Creatures
  An orc wizard (D:3)
  An ooze (D:3)
  5 worms
  3 leopard geckos
  3 bats (D:2)
  A giant cockroach (D:1)
  3 goblins
  6 hobgoblins
  2 quokkas
  A frilled lizard (D:2)
  A kobold (D:1)
  2 rats
  A spectral orc (D:2)
30 creatures vanquished.

Notes
Turn   | Place    | Note
-------+----------+-------------------------------------------
     0 | D:1      | Flugslaktarn the Skeleton Archaeologist began the quest for
                  | the Orb.
     0 | D:1      | Reached XP level 1. HP: 12/12 MP: 1/1
   270 | D:1      | Reached skill level 1 in Axes
   270 | D:1      | Reached XP level 2. HP: 8/17 MP: 0/2
  2080 | D:2      | Reached XP level 3. HP: 16/21 MP: 3/3
  2320 | D:2      | Found a corrupted altar of Lugonu.
  2600 | D:2      | Found a basalt altar of Yredelemnul.
  2779 | D:2      | Found a faded altar of an unknown god.
  3270 | D:3      | Noticed Terence
  3601 | D:3      | Noticed a bullfrog
  3602 | D:3      | Found a runed translucent door.
  3653 | D:3      | Reached skill level 1 in Armour
  3653 | D:3      | Reached XP level 4. HP: 4/27 MP: 2/4
  3656 | D:3      | HP: 1/27 [orc/+2 flail of protection (3)]
  3657 | D:3      | Slain by an orc

Skill      XL: |  1  2  3 |
---------------+----------+-----
Axes           | 1 2 3 |  3.2
Fighting       | 2 |  2.4
Armour         | 1 |  1.1
Maces & Flails | |  1.2
Dodging        | |  3.0
Stealth        | |  3.6

Action                   |  1- 3 |  4- 6 || total
-------------------------+-------+-------++-------
Melee: Hand axe          |   204 |     4 ||   208
       Whip              |     8 |       ||     8
 Stab: Sleeping          |     2 |       ||     2
Armor: Robe              |    14 |       ||    14
       Chain mail        |   104 |     1 ||   105
Dodge: Dodged            |    85 |     1 ||    86
